 Dungeon Crawl Stone Soup version 0.28-a0-592-g6fc52098c6 (webtiles) character file.

Game seed: 8830527204692692752

86 gemf the Vexing (level 4, -8/20 (21) HPs)
             Began as a Spriggan Enchanter on Oct 4, 2021.
             Was an Initiate of Dithmenos.
             Mangled by Menkaure (19 damage)
             ... on level 4 of the Dungeon.
             The game lasted 00:06:30 (5027 turns).

gemf the Vexing (Spriggan Enchanter)                Turns: 5027, Time: 00:06:30

HP:   -8/20 (21)    AC:  3    Str:  5    XL:     4   Next: 27%
MP:   11/11         EV: 17    Int: 16    God:    Dithmenos [......]
Gold: 243           SH:  5    Dex: 15    Spells: 3/11 levels left

rFire   . . .      SeeInvis +   j - +2 dagger (drain)
rCold   . . .      Faith    .   (shield restricted)
rNeg    . . .      Spirit   .   b - +0 robe
rPois   .          Reflect  +   (helmet restricted)
rElec   .          Harm     .   h - +0 cloak
rCorr   .          Rampage  .   (gloves unavailable)
Will    .....                   (boots unavailable)
Stlth   +++.......              a - amulet of reflection
HPRegen 0.06/turn               (no ring)
MPRegen 0.12/turn               (no ring)

@: lightly drained, very quick
A: very small, no large weapons, unfitting armour, see invisible, speed 3
a: Renounce Religion


You were on level 4 of the Dungeon.
You worshipped Dithmenos.
Dithmenos was noncommittal.
You visited 2 branches of the dungeon, and saw 5 of its levels.

You collected 243 gold pieces.

Inventory:

Hand Weapons
 g - a +0 quick blade
 j - a +2 dagger of draining (weapon)
Armour
 b - a +0 robe (worn)
 h - a +0 cloak (worn)
Magical Staves
 d - a staff of fire
Jewellery
 a - an amulet of reflection (around neck)
Scrolls
 i - a scroll of teleportation
Potions
 c - 2 potions of invisibility
 e - a potion of cancellation
 f - 3 potions of curing
 k - a potion of ambrosia {unknown}


   Skills:
 - Level 1.1 Short Blades
 - Level 2.6 Dodging
 - Level 4.4 Stealth
 + Level 4.4 Spellcasting
 + Level 5.1 Hexes


You had 3 spell levels left.
You knew the following spells:

 Your Spells              Type           Power      Damage    Failure   Level
a - Ensorcelled Hibernat  Hex/Ice        22%        N/A       9%          2
b - Tukima's Dance        Hex            19%        N/A       6%          3
c - Dazzling Flash        Conj/Hex       22%        N/A       17%         3

Your spell library contained the following spells:

 Spells                   Type           Power      Damage    Failure   Level
 Confusing Touch          Hex            19%        N/A       6%          3
 Magic Dart               Conj           12%        1d3       16%         1
 Call Imp                 Summ           3%         N/A       24%         2
 Searing Ray              Conj           6%         2d4       24%         2
 Mephitic Cloud           Conj/Pois/Air  3%         N/A       43%         3
 Spider Form              Tmut/Pois      1%         N/A       43%         3
 Fulminant Prism          Conj/Hex       5%         3d7       50%         4


Dungeon Overview and Level Annotations

Branches:
Dungeon (4/15)             Temple (1/1) D:4

Altars:
Cheibriados
Dithmenos
Elyvilon
Fedhas
Gozag
Nemelex Xobeh
Okawaru
Qazlal
Trog
Vehumet
Wu Jian
Xom
Yredelemnul
Zin
The Shining One

Annotations:
D:4 Menkaure


Innate Abilities, Weirdness & Mutations

You are very small and have problems with some larger weapons.
You are too small for most types of armour.
You have supernaturally acute eyesight. (SInv)
You cover ground extremely quickly. (Speed+++)


Message History

You hit the quokka.
The quokka is moderately wounded.
You hit the quokka.
The quokka is almost dead.
The quokka misses you.
You hit the quokka but do no damage.
The quokka is almost dead.
The quokka bites you.
You hit the quokka.
You kill the quokka!
Dithmenos accepts your kill.
No target in view!
k - a scroll labelled HECKUE YXESEC
As you read the scroll labelled HECKUE YXESEC, it crumbles to dust.
It is a scroll of amnesia.
Really abort (and waste the scroll)?
Okay, then.
You now have 243 gold pieces (gained 8).
k - a viscous red potion
Okay, then.
Menkaure, Prince of Dust comes into view.
You see here a ball python skeleton.
Okay, then.
Unknown command.
Unknown command.
There is a staircase to the Ecumenical Temple here.
There is a stone staircase leading down here.
A kobold comes into view. It is wielding a +0 short sword.
The kobold shouts!
Menkaure shouts!
You hit the kobold.
The kobold is severely wounded.
The kobold barely misses you.
Menkaure calls on the powers of darkness!
Your body is wracked with pain!
You hit the kobold.
You kill the kobold!
Dithmenos accepts your kill. Menkaure hits you!!
Ouch! That really hurt!
You die...

##########
#########...M@...#
#.........######.#
#.#.#####.# #.# #.#.#
#.# #.# #.#.# #.# #.#
##.#.#####.# #.#
#..#.....#.# #.#
#.######.#<# #.### #
#.#
#.#.######>..###.#####


You could see Menkaure.

Vanquished Creatures
  A gnoll (D:2)
  An adder (D:3)
  An adder skeleton (D:3)
  A dart slug (D:1)
  7 orcs
  2 endoplasms (D:2)
  3 giant cockroaches (D:2)
  4 goblins
  5 hobgoblins
  2 jackals (D:3)
  3 quokkas
  10 ball pythons
  5 bats
  3 frilled lizards
  4 kobolds
  4 rats
56 creatures vanquished.

Notes
Turn   | Place    | Note
-------+----------+-------------------------------------------
     0 | D:1      | gemf the Spriggan Enchanter began the quest for the Orb.
     0 | D:1      | Reached XP level 1. HP: 9/9 MP: 5/5
   474 | D:1      | Reached skill level 4 in Hexes
   488 | D:1      | Reached XP level 2. HP: 13/13 MP: 7/7
   506 | D:1      | Learned a level 2 spell: Ensorcelled Hibernation
   549 | D:1      | Found a faded altar of an unknown god.
  1563 | D:2      | Reached XP level 3. HP: 7/16 MP: 1/9
  1960 | D:2      | Noticed a phantom
  2866 | D:3      | Learned a level 3 spell: Tukima's Dance
  2870 | D:3      | Learned a level 3 spell: Dazzling Flash
  3180 | D:3      | Reached XP level 4. HP: 14/21 MP: 11/11
  3371 | D:3      | Found a radiant altar of Vehumet.
  3816 | D:2      | Reached skill level 5 in Hexes
  4299 | D:4      | Found a staircase to the Ecumenical Temple.
  4327 | Temple   | Entered the Ecumenical Temple
  4638 | D:4      | Found a shadowy altar of Dithmenos.
  4801 | D:4      | Became a worshipper of Dithmenos the Shadowed
  4968 | D:4      | Noticed Menkaure
  5027 | D:4      | Mangled by Menkaure

Illustrated notes

Levels and vault maps discovered:
D:1:      amcnicky_arrival_abandoned_market, layout_basic,
          dreamdust_ecumenical_altar_sealed_demon
D:2:      layout_loops_corners, grunt_ministairs_14
D:3:      layout_basic, mainiacjoe_overflow_boulevard
D:4:      cheibrodos_quashed, layout_loops_ring, mainiacjoe_overflow_24_doors,
          minmay_temple_entry_offerings, sigmund_edmund_badplayer,
          uniq_menkaure, uniq_edmund
Temple:   dshaligram_water_room_temple

Skill      XL: |  1  2  3  4 |
---------------+-------------+-----
Spellcasting   | 3 4 |  4.4
Hexes          | 4 5 |  5.1
Short Blades   | |  1.1
Dodging        | |  2.6
Stealth        | |  4.4

Action                   |  1- 3 |  4- 6 || total
-------------------------+-------+-------++-------
Melee: Dagger            |   197 |    21 ||   218
       Quick blade       |       |    33 ||    33
 Cast: Ensorcelled Hiber |    12 |     1 ||    13
  Use: Scroll            |     4 |     3 ||     7
 Stab: Sleeping          |    14 |     6 ||    20
Armor: Robe              |    14 |     2 ||    16
Dodge: Dodged            |   174 |    23 ||   197

Table legend: (Time is in decaauts)
 A = Elapsed time spent in this place.
 B = Non-inter-level travel time spent in this place.
 C = Inter-level travel time spent in this place.
 D = Time resting spent in this place.
 E = Time spent auto-exploring this place.
 F = Levels seen in this place.
 G = Mean time per level.
                   A        B        C        D        E       F      G
               +--------+--------+--------+--------+--------+-----+--------+
         Total |   3785 |   3657 |    128 |    733 |   2315 |   5 |  757.0 |
       Dungeon |   3685 |   3571 |    114 |    733 |   2263 |   4 |  921.2 |
        Temple |    100 |     86 |     14 |      0 |     52 |   1 |  100.0 |
               +--------+--------+--------+--------+--------+-----+--------+

Top non-repeatable levels by time:
     D:3: 1378 daAuts
     D:1: 1165 daAuts
     D:2: 683 daAuts
     D:4: 458 daAuts
  Temple: 100 daAuts
